 Dungeon Crawl Stone Soup version 0.17-a0-1133-gfb1399f (webtiles) character file.

288 Hanyuu the Insei (level 6, -6/39 HPs)
             Began as an Octopode Transmuter on May 25, 2015.
             Killed from afar by Blork the orc (8 damage)
             ... with a wand of magic darts
             ... on level 4 of the Dungeon.
             The game lasted 00:08:48 (3812 turns).

Hanyuu the Insei (Octopode Transmuter)              Turns: 3812, Time: 00:08:48

Health: -6/39      AC:  2    Str:  9    XL:     6   Next: 31%
Magic:  15/18      EV: 20    Int: 17    God:
Gold:   232        SH:  0    Dex: 18    Spells: 3 memorised, 3 levels left

rFire  . . .     SeeInvis .       - Unarmed
rCold  . . .     Clarity  .     (shield currently unavailable)
rNeg   . . .     SustAt   .     (helmet currently unavailable)
rPois  x         Gourm    .     h - amulet of resist corrosion
rElec  .         Spirit   .     f - ring of magical power
rCorr  +         Warding  .     (no ring)
rMut   .         Stasis   .     (no ring)
MR     .....                    (no ring)
Stlth  ++........               (no ring)
                                (no ring)
                                (no ring)
                                (no ring)

@: spider-form (expiring), not resistant to hostile enchantments, unstealthy
A: almost no armour, amphibious, 8 rings, (constrict 8), (camouflage 0),
(gelatinous body 0)
a: End Transformation


You were on level 4 of the Dungeon.
You were not hungry.
You were a venomous arachnid creature.
You visited 1 branch of the dungeon, and saw 4 of its levels.

You collected 232 gold pieces.

Inventory:

Missiles
 a - 12 arrows
Jewellery
 f - a ring of magical power (left front leg)
 h - an amulet of resist corrosion (around neck)
Magical devices
 o - a wand of slowing (37)
 q - a wand of hasting (6)
Scrolls
 d - a scroll of recharging
 i - 2 scrolls of noise
 l - a scroll of remove curse
 m - a scroll of identify
 n - a scroll of enchant weapon
Potions
 e - a potion of brilliance
 k - a potion of lignification {unknown}
Books
 b - a book of Changes

   Spells                             Type                      Level
   a - Beastly Appendage              Transmutation                1
   b - Sticks to Snakes               Transmutation                2
   c - Spider Form                    Transmutation/Poison         3
   d - Ice Form                       Ice/Transmutation            4
   e - Blade Hands                    Transmutation                5
Comestibles
 c - 4 bread rations
 g - 19 chunks of flesh
 j - 3 meat rations


   Skills:
 - Level 2.0 Fighting
 + Level 2.0 Dodging
 * Level 6.1 Unarmed Combat
 - Level 2.0 Spellcasting
 - Level 3.0 Transmutations


You had 3 spell levels left.
You knew the following spells:

 Your Spells              Type           Power        Failure   Level  Hunger
a - Beastly Appendage     Trmt           ##....       17%         1    #......
b - Sticks to Snakes      Trmt           ##........   24%         2    ###....
c - Spider Form           Trmt/Pois      #.........   52%         3    ###....


Dungeon Overview and Level Annotations

Branches:
Dungeon (4/15)
 Temple: D:4-7

Altars:
Nemelex Xobeh

Annotations:
D:4 Blork the orc


Innate Abilities, Weirdness & Mutations

You cannot wear most types of armour.
You are amphibious.
You can wear up to eight rings at the same time.
((You can use your tentacles to constrict eight enemies at once.))
((Your skin changes colour to match your surroundings (Stealth).))
((Your rubbery body absorbs attacks (AC +1).))


Message History

Blork the orc completely misses you.
You closely miss the goblin.
Blork the orc hits you from afar with an enchanted trident.
* * * LOW HITPOINT WARNING * * *
The goblin misses you.
Blork the orc mumbles some strange words.
Blork the orc seems to speed up.
Your transformation has ended.
Casting: Spider Form
Confirm with . or Enter, or press ? or * to list all spells.
You turn into a venomous arachnid creature.
Blork the orc screams, "I'll cover the dungeon with your blood!"
The goblin hits you but does no damage. Blork the orc misses you.
Blork the orc looks more healthy.
Blork the orc frowns.
Your transformation is almost over.
Blork the orc zaps a wand.
The magic dart hits you!
* * * LOW HITPOINT WARNING * * *
Blork the orc zaps a wand.
The magic dart hits you!
You die...

#########
###..รท....#
#...#...### #####
..###.### ##...##
###...#########.....#
#>..###.............#
#.###...########...##
......#...# #s###
#.###.....# ##.#
#.#...##.## #.g#
....####.######.#####
...###...##...o.....#
######.####.........#
# #...............# #
###..##...#########
###...##....#


You could see Blork the orc and a goblin.

Vanquished Creatures
  The ghost of Virusyak the Insei, an average OpTm (D:3)
  A scorpion (D:4)
  Natasha (thrice) (D:2)
  4 adders
  4 oozes
  2 worms
  10 orcs
  7 bats
  4 giant cockroaches
  9 goblins
  7 hobgoblins
  2 jackals (D:4)
  7 kobolds
  A ball python (D:2)
  7 giant newts
  A quokka (D:4)
  13 rats
83 creatures vanquished.

Notes
Turn   | Place    | Note
--------------------------------------------------------------
     0 | D:1      | Hanyuu the Octopode Transmuter began the quest for the Orb.
     0 | D:1      | Reached XP level 1. HP: 13/13 MP: 3/3
   161 | D:1      | Reached XP level 2. HP: 18/18 MP: 5/5
   456 | D:1      | Reached skill level 4 in Unarmed Combat
   499 | D:1      | Reached XP level 3. HP: 14/23 MP: 6/6
  1299 | D:2      | Noticed Natasha
  1312 | D:2      | Killed Natasha
  1312 | D:2      | Reached XP level 4. HP: 4/28 MP: 7/7
  1318 | D:2      | Learned a level 2 spell: Sticks to Snakes
  1322 | D:2      | Learned a level 3 spell: Spider Form
  1967 | D:2      | Noticed Natasha
  1975 | D:2      | Killed Natasha
  1975 | D:2      | Reached skill level 5 in Unarmed Combat
  2098 | D:2      | Noticed Natasha
  2124 | D:2      | Killed Natasha
  2570 | D:3      | Noticed Virusyak's ghost (average OpTm)
  2570 | D:3      | Reached XP level 5. HP: 31/34 MP: 8/8
  2699 | D:3      | Killed Virusyak's ghost
  3309 | D:4      | Reached skill level 6 in Unarmed Combat
  3309 | D:4      | Reached XP level 6. HP: 28/39 MP: 9/9
  3660 | D:4      | Found a sparkling altar of Nemelex Xobeh.
  3787 | D:4      | Noticed Blork the orc
  3812 | D:4      | Killed from afar by Blork the orc

Vault maps used:
D:1:      dpeg_arrival_pond
D:2:      first_bread, uniq_natasha
D:4:      nemelex_dance_club_becter, uniq_blork_the_orc

Action                   |  1- 3 |  4- 6 || total
-------------------------+-------+-------++-------
Melee: Unarmed           |    74 |   123 ||   197
 Cast: Beastly Appendage |     2 |     2 ||     4
       Spider Form       |       |    10 ||    10
  Use: Scroll            |       |     9 ||     9
 Stab: Sleeping          |     4 |    10 ||    14
  Eat: Chunk             |     1 |     5 ||     6
       Meat ration       |       |     1 ||     1
